 Dungeon Crawl Stone Soup version 0.28.0-43-g3370ac3207 (webtiles) character file.

Game seed: 5743172187142963452

17781 xzight the Cleaver (level 12, -9/111 HPs)
             Began as a Deep Dwarf Fighter on Mar 22, 2022.
             Was a High Priest of Makhleb.
             Mangled by an orc warrior
             ... wielding a +0 dire flail
              (24 damage)
             ... on level 11 of the Dungeon.
             The game lasted 00:23:28 (10170 turns).

xzight the Cleaver (Deep Dwarf Fighter)            Turns: 10170, Time: 00:23:30

Health: -9/111     AC: 24    Str: 28 (31) XL:     12   Next: 21%
Magic:  0/0        EV:  6    Int:  9 (11) God:    Makhleb [*****.]
Gold:   670        SH: 10    Dex: 10 (12) Spells: 11/11 levels left

rFire   + + .      SeeInvis .   a - +1 war axe (vorpal)
rCold   . . .      Faith    .   C - +0 kite shield
rNeg    + . .      Spirit   .   O - +1 plate armour {rF+}
rPois   +          Reflect  .   b - +1 helmet
rElec   .          Harm     .   j - +0 cloak
rCorr   +          Rampage  .   R - +0 pair of gloves of Apathy {Drain rF+ rCorr}
Will    ++...                   f - +2 pair of boots
Stlth   ..........              (no amulet)
HPRegen 0.00/turn               S - +6 ring of strength
MPRegen 0.07/turn               w - ring of the Seer {Drain rPois rN+ Will+ Str+2}

@: mighty
A: damage resistance, heal wounds, sense surroundings 2, no regeneration
a: Heal Wounds, Renounce Religion, Minor Destruction, Lesser Servant of Makhleb,
Major Destruction, Greater Servant of Makhleb


You were on level 11 of the Dungeon.
You worshipped Makhleb.
Makhleb was extremely pleased with you.
You visited 2 branches of the dungeon, and saw 12 of its levels.
You also visited: Sewer.

You collected 670 gold pieces.


Innate Abilities, Weirdness & Mutations

You are resistant to damage.
You can heal yourself by infusing magical energy.
You passively map the area around you.
You do not regenerate.


   Skills:
 + Level 8.3 Fighting
 * Level 13.2 Axes
 + Level 9.7 Armour
 + Level 9.9 Shields
 + Level 9.9 Evocations


You had 11 spell levels left.
You didn't know any spells.
Your spell library contained the following spells:

 Spells                   Type           Power      Damage    Failure   Level
 Magic Dart               Conj           0%         1d3       100%        1
 Shock                    Conj/Air       0%         1d3       100%        1
 Call Canine Familiar     Summ           0%         N/A       100%        3
 Inner Flame              Hex/Fire       0%         N/A       100%        3
 Ozocubu's Armour         Ice            0%         N/A       100%        3
 Portal Projectile        Hex/Tloc       0%         N/A       100%        3
 Leda's Liquefaction      Hex/Erth       0%         N/A       100%        4
 Ozocubu's Refrigeration  Ice            0%         4d5       100%        7

Inventory:

Hand Weapons
 a - a +1 vorpal war axe (weapon)
Missiles
 e - 5 throwing nets {=f}
Armour
 b - a +1 helmet (worn)
 f - a +2 pair of boots (worn)
 j - a +0 cloak (worn)
 C - a +0 kite shield (worn)
 O - a +1 plate armour of fire resistance (worn)
 R - the +0 pair of gloves of Apathy (worn) {Drain rF+ rCorr}
   (You found it on level 10 of the Dungeon)

   rF:        It protects you from fire.
   rCorr:     It protects you from acid and corrosion.
   Drain:     It drains your maximum health when unequipped.
Jewellery
 s - a +6 ring of strength
 w - the ring of the Seer (right hand) {Drain rPois rN+ Will+ Str+2}
   (You found it on level 8 of the Dungeon)

   [ring of willpower]

   Str:       It affects your strength (+2).
   rPois:     It protects you from poison.
   rN:        It protects you from negative energy.
   Drain:     It drains your maximum health when unequipped.
   Will:      It increases your willpower.
 F - an amulet of faith {!P}
 M - a ring of magical power
 P - a ring of poison resistance
 S - a +6 ring of strength (left hand)
Wands
 k - a wand of flame (24)
 K - a wand of iceblast (2)
 U - a wand of polymorph (4)
Scrolls
 c - a scroll of fear {unknown}
 g - a scroll of fog {unknown}
 m - a scroll of silence {unknown}
 n - a scroll of vulnerability {unknown}
 o - a scroll of torment {unknown}
 p - 2 scrolls of noise {unknown}
 r - 3 scrolls of teleportation {unknown}
 v - 2 scrolls of enchant weapon {unknown}
 D - 2 scrolls of amnesia {unknown}
 E - 4 scrolls of enchant armour {unknown}
 H - a scroll of blinking {unknown}
 J - a scroll of acquirement {unknown}
Potions
 h - a potion of cancellation
 i - a potion of magic {unknown}
 q - 5 potions of brilliance
 t - a potion of invisibility
 u - a potion of attraction
 x - a potion of degeneration
 z - 4 potions of mutation
 I - 2 potions of flight
 T - a potion of resistance
Miscellaneous
 L - a condenser vane
 N - a phial of floods

Dungeon Overview and Level Annotations

Branches:
Dungeon (11/15)            Temple (1/1) D:4            Lair (0/6) D:8
    Orc (0/2) D:11          Sewer (visited)

Altars:
Ashenzari
Cheibriados
Dithmenos
Gozag
Hepliaklqana
Kikubaaqudgha
Makhleb
Nemelex Xobeh
Okawaru
Qazlal
Ru
Sif Muna
Trog
Uskayaw
Vehumet
Wu Jian
Xom
Yredelemnul
Zin
The Shining One
Beogh

Shops:
D:6 [= D:10

= * ≈ , *
▓[[.[[▓)).))▓▓▓▓. , ≈ ,
▓▓▓▓[[.[[▓)).))▓((▓. *
*▓..▓▓▓'▓▓▓▓▓'▓▓▓((▓. , *,
▓..▓...........'..▓. *,
,*▓▓ *▓..'.▒▒.....▒▒.▓((▓.
...,▓..▓.▒▒▒...▒▒▒.▓((▓▓
,....▓▓▓▓..▒▒...▒▒.)▓▓▓▓▓
, ......▓8..........)8▓..▓
*
,⚑.....oo@.........)))'.)'
, ......▓8..........)8▓.)▓
, * ....▓
▓▓..▒▒...▒▒..▓▓▓▓▓ , *...,
▓.▒▒▒...▒▒▒.▓((▓▓ ,,,*▓
+.▒▒.....▒▒.▓((▓. , *
▓...........[..▓.
,▓▓▓+▓▓▓▓▓'▓▓▓((▓. * , *
,, ,▓[[.[.▓((▓. ≈≈≈ ,, * ,
▓[[.[[▓▓▓▓


You could see 2 orc warriors.


Message History

The orc knight hits you but does no damage.
You hit the orc knight.
The orc knight is almost dead.
The orc warrior hits you but does no damage.
The orc knight roars a battlecry!
The orc warriors go into a battle-frenzy!
You barely miss the orc knight.
The orc knight is almost dead.
The orc warrior completely misses you. You block the orc knight's attack.
You slash the orc knight!
You kill the orc knight!
Makhleb accepts your kill.
You feel better. You block the orc warrior's attack.
The orc warrior hits you with a +0 glaive!
* * * LOW HITPOINT WARNING * * *
Items here: ( )) [ †.
You hit the orc warrior but do no damage.
The orc warrior hits you with a +0 glaive.
* * * LOW HITPOINT WARNING * * *
You slice the orc warrior!!
You kill the orc warrior!
Makhleb accepts your kill.
You feel better.
Okay, then.
Aiming: Polymorph
Press: ? - help, Shift-Dir - straight line, f - orc warrior
Aim: an orc warrior, wielding a +0 dire flail and wearing a +0 chain mail (strong, will become a human, a steam dragon, or an iguana, chance to affect: 71%)
The orc warrior struggles to resist.
The orc warrior hits you with a +0 dire flail!!
You die...

Skill      XL: |  1  2  3  4  5  6  7  8  9 10 11 12 |
---------------+-------------------------------------+-----
Axes           | 3 4 5 6 8 9 11 12 13 | 13.2
Fighting       | 3 4 5 6 7 8 |  8.3
Armour         | 4 5 6 7 8 9 |  9.7
Shields        | 4 5 6 7 8 9 |  9.9
Evocations     | 2 4 6 7 9 |  9.9

Action                   |  1- 3 |  4- 6 |  7- 9 | 10-12 || total
-------------------------+-------+-------+-------+-------++-------
Melee: War axe           |   110 |   171 |   411 |   469 ||  1161
 Abil: Heal Wounds       |     1 |     1 |    11 |    16 ||    29
Evoke: Wand              |       |       |       |     3 ||     3
  Use: Scroll            |       |     1 |     4 |     2 ||     7
       Potion            |       |       |     1 |    12 ||    13
Armor: Scale mail        |    38 |       |       |       ||    38
       Chain mail        |    29 |   114 |    10 |       ||   153
       Plate armour      |       |       |   356 |   296 ||   652
Dodge: Dodged            |    48 |    66 |   171 |   111 ||   396
Block: Buckler           |    25 |    66 |    67 |       ||   158
       Kite shield       |       |       |   127 |   247 ||   374

Levels and vault maps discovered:
D:1:      dpeg_arrival_rooms_b, layout_basic, serial_curves, eino_curves_01,
          eino_curves_02
D:2:      minmay_angry_zag, layout_basic, amcnicky_mini_pool_small,
          nrook_loot_triangle, uniq_robin
D:3:      layout_basic, nicolae_vehumet_altar_sigil,
          hellmonk_ecumenical_altar_slurped_away, roderic_batcave,
          minmay_shallow_snake_nest
D:4:      layout_gridville, minmay_temple_entry_mini_moons, lemuel_flame_loot_1,
          uniq_natasha, uniq_ijyb, uniq_crazy_yiuf_cottage
D:5:      layout_loops_ring, portal_sewer_entry_d, serial_shops,
          nicolae_take_the_stairs, uniq_duvessa
D:6:      layout_loops_ring, serial_shops, nicolae_stop_n_shop_2,
          nicolae_lakefront_shop, serial_rivers, chequers_serial_rivers_large_b,
          chequers_serial_rivers_small_3, chequers_serial_rivers_micro_c,
          chequers_serial_rivers_micro_d
D:7:      layout_cave_pools, minmay_misc_feat_more_columns
D:8:      minmay_the_grid_octo_tiled_octocenter [minmay_the_grid_octo_toaster,
          minmay_the_grid_octo_odd_swirl, minmay_the_grid_octo_concentric,
          minmay_the_grid_octo_empty, minmay_the_grid_octo_prize_single_spiral,
          minmay_the_grid_square_5x5_hourglass, minmay_the_grid_square_5x5_v,
          minmay_the_grid_square_5x5_n, minmay_the_grid_square_5x5_dogpile],
          layout_basic, david_lair_shrubbed
D:9:      layout_roguey, nicolae_overflow_hallway_of_the_gods,
          chequers_serial_rivers_room_b, bh_circular_ruins
D:10:     layout_roguey, biasface_ghost_orc_armoury, serial_shops, shop
D:11:     evilmike_iron_armoury, layout_irregular_city, zombieorc2_lemuel
Temple:   nicolae_temple_x_marks_the_god

Notes
Turn   | Place    | Note
-------+----------+-------------------------------------------
     0 | D:1      | xzight the Deep Dwarf Fighter began the quest for the Orb.
     0 | D:1      | Reached XP level 1. HP: 20/20 MP: 1/1
   373 | D:1      | Reached XP level 2. HP: 20/27 MP: 2/2
   977 | D:2      | Noticed Robin
   986 | D:2      | Reached skill level 3 in Axes
   987 | D:2      | Reached XP level 3. HP: 32/33 MP: 2/2
   989 | D:2      | Reached skill level 3 in Fighting
  1002 | D:2      | Killed Robin
  1332 | D:2      | Reached XP level 4. HP: 40/42 MP: 3/3
  1653 | D:2      | Reached skill level 4 in Armour
  1653 | D:2      | Reached skill level 4 in Shields
  1858 | D:3      | Found a radiant altar of Vehumet.
  1904 | D:3      | Found a faded altar of an unknown god.
  1908 | D:3      | Reached XP level 5. HP: 39/49 MP: 4/4
  1944 | D:3      | Reached skill level 4 in Axes
  2483 | D:4      | Found a staircase to the Ecumenical Temple.
  2499 | D:4      | Reached XP level 6. HP: 42/57 MP: 5/5
  2504 | Temple   | Entered the Ecumenical Temple
  2529 | Temple   | Became a worshipper of Makhleb the Destroyer
  2579 | D:4      | Got the Collected Works on Destructive Ignition
  2619 | D:4      | Reached skill level 5 in Axes
  2856 | D:4      | Reached skill level 4 in Fighting
  2987 | D:4      | Reached XP level 7. HP: 54/64 MP: 6/6
  3131 | D:4      | Noticed Natasha
  3139 | D:4      | Killed Natasha
  3175 | D:4      | Noticed Ijyb
  3190 | D:4      | Killed Ijyb
  3191 | D:4      | Reached skill level 5 in Shields
  3366 | D:4      | Found a runed translucent door.
  3367 | D:4      | Noticed Crazy Yiuf
  3447 | D:4      | Reached skill level 5 in Armour
  3564 | D:4      | Killed Crazy Yiuf
  3564 | D:4      | Reached * piety under Makhleb
  3614 | D:4      | Noticed Natasha
  3623 | D:4      | Killed Natasha
  3756 | D:4      | Noticed Natasha
  3766 | D:4      | Killed Natasha
  3901 | D:4      | Found a staircase to the Ecumenical Temple.
  4503 | D:5      | Entered Level 5 of the Dungeon
  4524 | D:5      | Reached skill level 6 in Axes
  4564 | D:5      | Found a glowing drain.
  4568 | D:5      | Noticed Dowan
  4569 | D:5      | Noticed Duvessa
  4586 | D:5      | Killed Duvessa
  4587 | D:5      | Reached skill level 1 in Evocations
  4605 | D:5      | Killed Dowan
  4675 | Sewer    | Entered a sewer
  4710 | Sewer    | Reached skill level 2 in Evocations
  4930 | D:5      | Reached XP level 8. HP: 38/73 MP: 7/7
  5036 | D:5      | You fall into a shaft and drop 3 floors!
  5072 | D:8      | Reached skill level 7 in Axes
  5078 | D:8      | Reached skill level 3 in Evocations
  5079 | D:8      | Reached skill level 6 in Shields
  5207 | D:7      | Reached ** piety under Makhleb
  5208 | D:7      | Reached skill level 5 in Fighting
  5208 | D:7      | Reached skill level 6 in Armour
  5404 | D:6      | Found Has Cuax's Jewellery Emporium.
  5534 | D:6      | Reached skill level 4 in Evocations
  5558 | D:6      | Reached skill level 8 in Axes
  5567 | D:6      | Gained mutation: You passively map the area around you.
                  | [Deep Dwarf growth]
  5567 | D:6      | Reached XP level 9. HP: 52/81 MP: 5/5
  6002 | D:6      | Found Qeahafobb's Armour Shoppe.
  6298 | D:7      | Reached *** piety under Makhleb
  6340 | D:7      | Reached skill level 5 in Evocations
  6732 | D:8      | Reached skill level 9 in Axes
  6732 | D:8      | Reached skill level 7 in Armour
  6732 | D:8      | Reached skill level 7 in Shields
  6918 | D:8      | Reached skill level 6 in Fighting
  6942 | D:8      | Reached skill level 6 in Evocations
  7054 | D:8      | Noticed a cyclops
  7060 | D:8      | Noticed a gargoyle
  7065 | D:8      | Killed a cyclops
  7066 | D:8      | Reached XP level 10. HP: 31/91 MP: 5/5
  7069 | D:8      | Killed a gargoyle
  7071 | D:8      | Noticed a cyclops
  7074 | D:8      | Killed a cyclops
  7075 | D:8      | Reached skill level 10 in Axes
  7096 | D:8      | Identified the ring of the Seer {Drain rPois rN+ Will+
                  | Str+2}
  7106 | D:8      | Noticed a manticore
  7106 | D:8      | Noticed a cyan ugly thing
  7113 | D:8      | Killed a cyan ugly thing
  7114 | D:8      | Reached skill level 7 in Evocations
  7118 | D:8      | Killed a manticore
  7119 | D:8      | Reached skill level 8 in Shields
  7186 | D:8      | Identified the +1 ring mail of Cynicism {rF+ Will+}
  7380 | D:8      | Identified the +7 long sword of the Hated {vorpal, rPois
                  | rCorr Dex+6 SInv}
  7392 | D:8      | Reached skill level 8 in Armour
  7466 | D:8      | Found a staircase to the Lair.
  7675 | D:9      | Reached **** piety under Makhleb
  7799 | D:9      | Reached skill level 11 in Axes
  8363 | D:9      | Found a bloodstained altar of Trog.
  8384 | D:9      | Found a shimmering altar of Xom.
  8387 | D:9      | Found a glowing golden altar of the Shining One.
  8387 | D:9      | Found a broken altar of Ashenzari.
  8394 | D:9      | Found a basalt altar of Yredelemnul.
  8570 | D:10     | Entered Level 10 of the Dungeon
  8723 | D:10     | Noticed a two-headed ogre
  8732 | D:10     | Killed a two-headed ogre
  8733 | D:10     | Reached skill level 7 in Fighting
  8790 | D:10     | Reached XP level 11. HP: 43/100 MP: 3/3
  8813 | D:10     | Reached skill level 8 in Evocations
  8878 | D:10     | Found a runed translucent gate.
  8878 | D:10     | Noticed Fangowolf's ghost (journeyman TrFi)
  8879 | D:10     | Found a runed translucent gate.
  8880 | D:10     | Found a runed translucent gate.
  8887 | D:10     | Identified the +0 plate armour of the Desolation of Salt
                  | {rC+ Str+4}
  9087 | D:10     | Found Juil Wia's Jewellery Emporium.
  9220 | D:10     | Killed Fangowolf's ghost
  9242 | D:10     | Identified the +0 pair of gloves of Apathy {Drain rF+
                  | rCorr}
  9285 | D:11     | Noticed a two-headed ogre
  9289 | D:11     | a two-headed ogre changed into an eye of devastation
  9386 | D:11     | Reached ***** piety under Makhleb
  9396 | D:11     | Noticed a two-headed ogre
  9432 | D:11     | Killed a two-headed ogre
  9438 | D:11     | Reached skill level 12 in Axes
  9438 | D:11     | Reached skill level 9 in Shields
  9533 | D:11     | Reached skill level 9 in Armour
  9592 | D:11     | Reached skill level 9 in Evocations
  9763 | D:11     | Found a staircase to the Orcish Mines.
  9874 | D:11     | Noticed a centaur warrior
  9874 | D:11     | Noticed a centaur warrior
  9875 | D:11     | Noticed a centaur warrior
  9876 | D:11     | Noticed a centaur warrior
  9881 | D:11     | Noticed a deep elf archer
  9881 | D:11     | Noticed a centaur warrior
  9887 | D:11     | Killed a centaur warrior
  9896 | D:11     | Killed a centaur warrior
  9903 | D:11     | Killed a centaur warrior
  9911 | D:11     | Killed a centaur warrior
  9912 | D:11     | Reached skill level 8 in Fighting
  9917 | D:11     | Killed a centaur warrior
  9918 | D:11     | Reached XP level 12. HP: 20/110 MP: 1/1
  9926 | D:11     | Reached skill level 13 in Axes
  9937 | D:11     | Identified 2 potions of resistance
 10135 | D:11     | Noticed a centaur warrior
 10151 | D:11     | Killed a centaur warrior
 10170 | D:11     | Mangled by an orc warrior

Vanquished Creatures
  The ghost of Fangowolf the Grappler, a journeyman TrFi of Hepliaklqana (D:10)
  6 centaur warriors (D:11)
  2 two-headed ogres
  A deep elf archer (D:11)
  An orc knight (D:11)
  An ugly thing (D:8)
  4 cyclopes
  A manticore (D:8)
  An eye of devastation (D:11)
  A gargoyle (D:8)
  2 komodo dragons
  2 trolls
  2 hornets (D:8)
  3 shadows (D:11)
  A wraith (D:11)
  A wyvern (D:8)
  A vampire mosquito (D:8)
  A two-headed ogre zombie (D:11)
  A warg (D:10)
  3 water moccasins (D:8)
  Duvessa (D:5)
  17 orc warriors
  2 necrophages (D:6)
  8 centaurs
  A phantom (D:6)
  A bullfrog (D:8)
  4 kobold brigands
  2 gnoll sergeants
  4 scorpions
  A wyvern skeleton (D:6)
  Dowan (D:5)
  2 water moccasin skeletons (D:4)
  6 killer bees (D:10)
  A vampire bat (D:3)
  9 wights
  5 howler monkeys
  4 jellies
  5 centaur zombies
  4 orc priests
  A centaur skeleton (D:6)
  A hound (D:7)
  Crazy Yiuf (D:4)
  A gnoll shaman (D:7)
  A bullfrog skeleton (D:6)
  3 iguanas (D:6)
  Ijyb (D:4)
  8 orc wizards
  Natasha (thrice) (D:4)
  5 ogre zombies (D:11)
  A human simulacrum (D:9)
  4 howler monkey zombies
  Robin (D:2)
  15 gnolls
  12 adders
  4 shadow imps
  2 white imps
  A worm (D:3)
  2 dart slugs
  31 orcs
  9 ball pythons
  12 bats
  7 endoplasms
  5 giant cockroaches
  17 goblins
  6 hobgoblins
  4 jackals (D:1)
  2 quokkas
  3 frilled lizards
  A goblin skeleton (D:11)
  5 goblin zombies (D:11)
  5 hobgoblin zombies (D:11)
  31 kobolds
  An orc skeleton (D:11)
  7 orc zombies (D:11)
  6 rats
333 creatures vanquished.

Vanquished Creatures (others)
  A human simulacrum (D:9)
  3 fungi
  11 plants
15 creatures vanquished.

Grand Total: 348 creatures vanquished

Table legend: (Time is in decaauts)
 A = Elapsed time spent in this place.
 B = Non-inter-level travel time spent in this place.
 C = Inter-level travel time spent in this place.
 D = Time resting spent in this place.
 E = Time spent auto-exploring this place.
 F = Levels seen in this place.
 G = Mean time per level.
                   A        B        C        D        E       F      G
               +--------+--------+--------+--------+--------+-----+--------+
         Total |  10445 |  10149 |    296 |    200 |   7307 |  13 |  803.5 |
       Dungeon |  10138 |   9852 |    286 |    200 |   7141 |  11 |  921.6 |
        Temple |     35 |     25 |     10 |      0 |     15 |   1 |   35.0 |
         Sewer |    270 |    270 |      0 |      0 |    151 |   1 |  270.0 |
               +--------+--------+--------+--------+--------+-----+--------+

Top non-repeatable levels by time:
     D:4: 2015 daAuts
     D:8: 1190 daAuts
     D:1: 993 daAuts
     D:9: 964 daAuts
     D:6: 913 daAuts
    D:11: 880 daAuts
     D:3: 829 daAuts
     D:2: 741 daAuts
    D:10: 714 daAuts
     D:7: 582 daAuts
     D:5: 314 daAuts
   Sewer: 270 daAuts
  Temple: 35 daAuts

Table legend:
 A = Non-vault XP
 B = Vault XP
 C = Vault XP percentage of total XP
 D = Non-vault monster count
 E = Vault monster count
 F = Vault count percentage of total count
                 A         B        C        D         E       F
            +---------+---------+-------+---------+---------+-------
      Total |   10801 |   14601 |  57.5 |     199 |     135 |  40.4
            +---------+---------+-------+---------+---------+-------
        D:1 |      32 |       0 |   0.0 |      20 |       0 |   0.0
        D:2 |      56 |      73 |  56.6 |      14 |      19 |  57.6
        D:3 |      35 |      84 |  70.6 |      10 |      10 |  50.0
        D:4 |     562 |     109 |  16.2 |      25 |       3 |  10.7
        D:5 |     274 |     224 |  45.0 |       7 |       3 |  30.0
        D:6 |    1032 |       0 |   0.0 |      23 |       0 |   0.0
        D:7 |     685 |       0 |   0.0 |      22 |       0 |   0.0
        D:8 |    1190 |    4472 |  79.0 |      15 |      24 |  61.5
        D:9 |    1031 |      38 |   3.6 |      28 |       2 |   6.7
       D:10 |    2044 |    1356 |  39.9 |      20 |      12 |  37.5
       D:11 |    3860 |    8123 |  67.8 |      15 |      44 |  74.6
      Sewer |       0 |     122 | 100.0 |       0 |      18 | 100.0
            +---------+---------+-------+---------+---------+-------
